Map: Thunderbird LE

Players

Mez - Winner!

  • Race: Terran Terran
  • League: Master
  • Spawn Location: 11:00

wlin

  • Race: Protoss Protoss
  • League: Master
  • Spawn Location: 5:00

VOD

Have the link to the VOD?

Description

Time

  • Played on: Aug. 24, 2019, 3:27 p.m.
  • Length: 11:15
Show
View Real Time Build Order
Export as new Build Order

Mez Terran - Winner!

Build Orders: Reaper Expand 

Get SALT Encoding   

  12  0:01  SCV  
  13  0:13  SCV  
  14  0:17  Supply Depot  
  14  0:25  SCV  
  15  0:38  SCV  
  15  0:40  Barracks  
  16  0:44  Refinery  
  16  0:50  SCV  
  17  1:03  SCV  
  18  1:15  SCV  
  19  1:28  Orbital Command, Reaper  
  20  1:43  Command Center  
  20  1:51  Bunker  
  20  1:54  SCV  
  20  2:01  Marine  
  22  2:02  Supply Depot  
  22  2:07  SCV  
  23  2:19  Barracks Reactor  
  23  2:24  SCV  
  24  2:37  Command Center  
  24  2:51  SCV  
  25  2:54  Factory  
  25  2:56  Refinery  
  25  3:00  Orbital Command  
  25  3:04  SCV  
  26  3:06  Marine x2  
  28  3:16  SCV  
  29  3:24  Marine x2  
  29  3:26  SCV  
  32  3:28  SCV  
  33  3:38  Widow Mine, SCV  
  33  3:40  SCV  
  37  3:41  Starport  
  37  3:43  Marine x2  
  39  3:50  Orbital Command, SCV  
  39  3:52  SCV  
  41  3:56  Refinery  
  41  4:02  Factory Tech Lab  
  41  4:03  SCV  
  41  4:05  Marine x2  
  41  4:07  SCV  
  45  4:15  SCV  
  45  4:16  SCV  
  47  4:17  Starport Tech Lab  
  47  4:19  SCV  
  47  4:23  Siege Tank  
  51  4:24  Marine x2  
  51  4:27  Supply Depot  
  53  4:33  SCV x3  
  53  4:35  Raven  
  58  4:42  Marine x2  
  58  4:45  SCV  
  61  4:49  Supply Depot, SCV x2  
  61  4:52  Barracks  
  63  4:54  Barracks  
  63  4:57  Siege Tank  
  66  5:00  Barracks  
  66  5:05  SCV x2  
  68  5:13  Supply Depot  
  68  5:15  Bunker  
  68  5:17  Marine  
  68  5:18  Marine  
  68  5:19  Supply Depot  
  68  5:20  Supply Depot  
  70  5:23  SCV  
  70  5:24  SCV x2  
  70  5:26  Starport Reactor  
  69  5:36  SCV  
  69  5:39  Siege Tank  
  72  5:45  Engineering Bay  
  72  5:48  Engineering Bay  
  72  5:50  Barracks Tech Lab  
  72  5:51  Barracks  
  72  5:52  Barracks  
  72  5:54  SCV  
  72  5:55  SCV  
  72  5:56  Refinery  
  74  6:01  SCV  
  75  6:07  SCV x2  
  77  6:19  Medivac  
  77  6:20  Medivac  
  77  6:21  Stimpack  
  77  6:22  Combat Shield  
  77  6:23  Marine x3  
  84  6:27  Widow Mine  
  86  6:34  Missile Turret  
  86  6:41  Marine  
  82  6:50  Marine x5  
  82  6:52  Siege Tank  
  85  6:58  Marine  
  86  7:04  Orbital Command  
  86  7:14  Supply Depot  
  86  7:16  Supply Depot  
  86  7:17  Supply Depot  
  86  7:25  Barracks Reactor  
  86  7:27  Barracks Tech Lab  
  86  7:30  Supply Depot x2  
  86  7:32  Medivac x2, Marine x2  
  86  7:33  Supply Depot  
  92  7:47  Supply Depot, SCV x3  
  92  7:48  Supply Depot  
  92  7:50  Terran Infantry Weapons Level 1  
  95  7:53  Supply Depot  
  95  7:59  SCV x2  
  95  8:00  SCV  
  98  8:11  SCV x2  
  98  8:17  SCV  
  97  8:23  SCV x2  
  99  8:28  Missile Turret  
  99  8:29  SCV  
  99  8:33  Marauder x3, Marine x4  
  99  8:34  Concussive Shells  
  110  8:36  Terran Infantry Armor Level 1, Missile Turret  
  110  8:43  Missile Turret  
  110  8:46  Supply Depot  
  110  8:50  Marine  
  110  8:52  Bunker, Missile Turret  
  110  8:54  SCV x3  
  114  9:06  SCV  
  114  9:07  Medivac x2, Marine x2  
  114  9:08  Marauder x3  
  127  9:12  Ghost Academy  
  127  9:14  Refinery, Armory, Factory Reactor  
  127  9:16  Refinery  
  127  9:27  SCV x3  
  130  9:39  SCV x2  
  130  9:40  Supply Depot  
  130  9:42  Marauder x2, Marine x4  
  130  9:44  Supply Depot  
  140  9:46  Medivac x2  
  144  9:58  Command Center  
  144  10:12  Ghost  
  144  10:13  Barracks, Marine x3  
  144  10:14  Barracks  
  149  10:15  Barracks  
  129  10:43  Marauder x2, Marine x4  
  129  10:44  Marauder  
  141  10:50  SCV x3  
  144  11:02  SCV  
  147  11:08  Barracks Tech Lab x3  
Show
View Real Time Build Order
Export as new Build Order

wlin Protoss 

Build Orders: 1 Gate Expand, Zealot Archon, Dark Templar Rush 

Get SALT Encoding   

  12  0:00  Probe  
  13  0:12  Probe  
  14  0:17  Pylon  
  14  0:25  Probe  
  15  0:33  Probe  
  15  0:35  Gateway  
  15  0:41  Probe  
  16  0:47  Assimilator  
  17  0:52  Probe  
  18  1:04  Probe  
  19  1:16  Probe  
  20  1:22  Cybernetics Core  
  20  1:35  Nexus  
  20  1:45  Pylon, Probe  
  21  1:52  Adept  
  21  1:53  Assimilator  
  22  2:03  Probe  
  22  2:05  Warp Gate  
  24  2:13  Stalker  
  24  2:15  Probe  
  25  2:27  Probe  
  28  2:39  Probe  
  29  2:48  Probe  
  30  2:51  Probe  
  30  2:57  Probe  
  30  3:03  Probe  
  30  3:05  Probe  
  32  3:09  Twilight Council  
  33  3:15  Probe x2  
  35  3:26  Robotics Facility  
  35  3:27  Gateway, Probe x2  
  37  3:39  Probe x2  
  39  3:48  Gateway  
  39  3:51  Dark Shrine, Probe x2  
  41  3:56  Pylon, Charge  
  41  4:03  Probe  
  41  4:04  Warp Prism  
  41  4:05  Pylon  
  41  4:07  Gateway  
  44  4:27  Gateway  
  44  4:28  Gateway  
  44  4:30  Shield Battery  
  44  4:32  Shield Battery  
  44  4:41  Gateway  
  44  4:43  Gateway  
  44  4:46  Shield Battery  
  44  4:48  Pylon  
  44  4:49  Observer  
  45  4:52  Stalker  
  45  4:57  Stalker  
  49  5:03  Dark Templar  
  51  5:10  Pylon, Dark Templar  
  53  5:20  Pylon  
  53  5:25  Warp Prism  
  53  5:28  Zealot x4  
  59  5:32  Zealot x4  
  57  5:39  Zealot x2  
  61  5:44  Zealot  
  61  5:49  Pylon  
  63  5:54  Dark Templar  
  63  5:56  Dark Templar  
  67  5:59  Archon  
  67  6:02  Zealot  
  67  6:03  Zealot  
  71  6:16  Pylon  
  71  6:27  Zealot x7  
  46  7:01  Forge  
  46  7:02  Nexus  
  46  7:04  Robotics Bay  
  46  7:06  Forge, Probe  
  47  7:09  Assimilator  
  47  7:10  Probe  
  47  7:12  Assimilator  
  47  7:15  Pylon  
  48  7:17  Protoss Ground Weapons Level 1  
  48  7:18  Probe  
  48  7:19  Probe  
  49  7:28  Probe  
  49  7:29  Probe  
  50  7:31  Protoss Ground Armor Level 1  
  52  7:40  Probe  
  52  7:41  Probe  
  54  7:45  Colossus  
  54  7:52  Probe  
  54  7:53  Probe  
  54  7:56  Extended Thermal Lance  
  62  8:04  Zealot x5  
  62  8:05  Zealot  
  64  8:12  Probe  
  64  8:13  Probe  
  58  8:20  Probe  
  58  8:27  Colossus, Probe  
  59  8:28  Probe  
  61  8:36  Assimilator  
  61  8:40  Assimilator  
  67  8:44  Probe  
  67  8:48  Probe  
  69  8:59  Stalker x4  
  77  9:05  Zealot x4  
  85  9:12  Colossus  
  85  9:13  Probe  
  90  9:24  Pylon  
  90  9:26  Stalker x3  
  90  9:27  Pylon  
  96  9:39  Photon Cannon  
  96  9:41  Photon Cannon  
  96  9:44  Sentry x2  
  100  9:48  Probe x3  
  103  9:57  Stalker x2  
  103  9:59  Zealot  
  109  10:05  Photon Cannon  
  109  10:09  Photon Cannon  
  109  10:16  Zealot x2  
  109  10:17  Templar Archives  
  109  10:19  Zealot  
  115  10:30  Pylon  
  115  10:32  Pylon, Zealot x3  
  101  10:39  Zealot x3  
  73  10:45  Zealot x2  
  61  10:54  Zealot x2  
  63  10:59  Zealot x3  
  63  11:08  Zealot x2  
Tags
 
Add a new tag
Caveats
  • Supply blocks, unpowered buildings, or Contaminate may cause inaccurate times.
  • Supply counts are checked every 10 seconds.